AoeStats
← rettet_den_Wald

Black Forest

508006923Analyzed
2v2 RM · 13d ago on Sep 20, 2026· 63m 9s· 4 players
Game mode
Random Map
Map size
Medium (4 player)
Population
200
Speed
Normal
Resources
Standard
Victory
Conquest
Starting age
Dark Age
Ending age
Imperial Age
RankedLock teamsTeams togetherTeam positionsShared explorationLock speedFull tech treeHidden civsTurbo modeCheats
Victory
Defeat
🇫🇷 Mongols · France
951
+15
🇮🇹 Franks · Italy
869
+18
🇩🇪 Turks · Germany
943
-17
🇩🇪 Gurjaras · Germany
916
-16
rettet_den_Wald
0:38 Loom
15:07 Feudal Age
18:00 Fishing Lines
20:25 Castle Age
19:38 Horse Collar
19:53 Double-Bit Axe
24:41 Bow Saw
24:35 Heavy Plow
27:37 Wheelbarrow
28:50 Gillnets
29:10 Gold Mining
29:12 Stone Mining
32:08 Hand Cart
32:06 Kshatriyas
35:47 Imperial Age
34:00 Caravan
34:56 Gold Shaft Mining
34:57 Stone Shaft Mining
35:12 Town Watch
36:54 Bloodlines
36:45 Husbandry
37:11 Conscription
37:14 Frontier Guards
37:47 Crop Rotation
37:45 Arson
37:32 Elite Elephant Archer
38:18 Thumb Ring
38:32 Scale Barding Armor
38:18 Fletching
38:29 Padded Archer Armor
40:54 Leather Archer Armor
40:35 Bodkin Arrow
41:03 Ballistics
41:45 Chemistry
40:56 Masonry
40:32 Siege Elephant
41:55 Hoardings
41:26 Town Patrol
41:11 Elite Shrivamsha Rider
42:21 Bracer
43:56 Chain Barding Armor
43:47 Forging
43:38 Scale Mail Armor
49:01 Light Cavalry
52:32 Hussar
57:33 Plate Barding Armor
egon
0:29 Loom
12:30 Feudal Age
12:45 Feudal Age
18:17 Castle Age
18:21 Double-Bit Axe
18:17 Horse Collar
18:30 Stone Mining
23:02 Bow Saw
24:45 Gold Mining
25:01 Heavy Plow
25:47 Gold Mining
28:20 Wheelbarrow
30:41 Hand Cart
30:11 Town Watch
33:35 Caravan
34:26 Sipahi
34:08 Padded Archer Armor
33:58 Fletching
36:54 Imperial Age
34:47 Town Patrol
36:13 Gold Shaft Mining
35:48 Thumb Ring
35:40 Bodkin Arrow
36:00 Leather Archer Armor
36:10 Ballistics
37:37 Leather Archer Armor
37:29 Scale Barding Armor
37:34 Forging
37:37 Heavy Cavalry Archer
38:43 Parthian Tactics
41:33 Conscription
41:35 Bloodlines
41:25 Husbandry
51:26 Sanctity
51:06 Devotion
57:23 Two-Man Saw
56:37 Bracer
57:07 Ring Archer Armor
57:12 Iron Casting
56:37 Scale Mail Armor
61:37 Heavy Camel Rider
ALOAMALOA
8:35 Loom
14:03 Feudal Age
15:00 Double-Bit Axe
21:57 Castle Age
23:07 Stone Mining
23:09 Gold Mining
24:57 Bow Saw
24:53 Scale Mail Armor
25:06 Forging
25:02 Scale Barding Armor
33:15 Caravan
35:52 Chain Barding Armor
36:08 Iron Casting
35:34 Padded Archer Armor
35:25 Fletching
36:03 #83
38:43 Imperial Age
38:51 Imperial Age
36:57 Wheelbarrow
39:01 Cavalier
39:42 Husbandry
39:05 Elite Throwing Axeman
39:50 Chivalry
40:12 Conscription
39:17 Elite Skirmisher
41:38 Paladin
44:09 Pikeman
46:06 Blast Furnace
45:42 Plate Barding Armor
48:03 Halberdier
58:06 Bodkin Arrow
58:26 Leather Archer Armor
58:12 Scale Mail Armor
59:27 Squires
mlouissylvestre
0:44 Loom
11:46 Feudal Age
12:48 Double-Bit Axe
13:11 Gold Mining
15:28 Fishing Lines
19:02 Castle Age
17:08 Stone Mining
21:19 Fishing Lines
22:40 Bow Saw
22:18 Horse Collar
23:40 Wheelbarrow
31:08 Imperial Age
29:23 Gold Shaft Mining
29:15 Hand Cart
31:06 Heavy Plow
30:55 Pikeman
32:11 Ballistics
32:54 Chemistry
31:46 Fletching
31:57 Padded Archer Armor
32:07 Forging
31:24 Onager
33:19 Siege Onager
34:20 Leather Archer Armor
34:48 Siege Engineers
35:50 Iron Casting
35:12 Bodkin Arrow
35:45 Conscription
35:48 Drill
36:53 Caravan
36:22 Elite Mangudai
37:39 Scale Barding Armor
38:29 Nomads
39:43 Bloodlines
39:34 Husbandry
39:41 Thumb Ring
56:30 Gillnets
57:13 Elite Steppe Lancer
58:18 Bracer
59:18 Blast Furnace
58:18 Scale Mail Armor
58:39 Chain Barding Armor
Connection lost

Rejoining the realm…

Still unreachable

The connection could not be restored.

Session expired

The server has moved on; the page needs a fresh start.